 Dungeon Crawl Stone Soup version 0.24.1-14-gf8d2b509d9 (webtiles) character file.

Game seed: 13998680568478204360, levelgen mode: deterministic

123 katjes the Shield-Bearer (level 5, -2/46 HPs)
             Began as a Hill Orc Fighter on Dec 30, 2020.
             Slain by a shadow imp (5 damage)
             ... on level 3 of the Dungeon.
             The game lasted 00:19:45 (2491 turns).

katjes the Shield-Bearer (Hill Orc Fighter)         Turns: 2491, Time: 00:19:46

Health: -2/46      AC:  7    Str: 20    XL:     5   Next: 7%
Magic:  5/5        EV:  7    Int:  8    God:
Gold:   110        SH:  9    Dex: 10    Spells: 4/4 levels left

rFire    x . .     SeeInvis .   a - +0 long sword
rCold    + . .     Gourm    .   c - +0 shield
rNeg     . . .     Faith    .   b - +0 scale mail
rPois    .         Spirit   .   (no helmet)
rElec    .         Reflect  .   (no cloak)
rCorr    .         Harm     .   (no gloves)
MR       .....                  (no boots)
Stlth    ..........             (no amulet)
HPRegen  0.15/turn              h - ring of ice
MPRegen  0.09/turn              (no ring)

@: no status effects
A: no striking features
a: no special abilities


You were on level 3 of the Dungeon.
You were completely stuffed.

You visited 1 branch of the dungeon, and saw 3 of its levels.

You collected 110 gold pieces.

Inventory:

Hand Weapons
 a - a +0 long sword (weapon)
 g - a +0 club
 i - a +0 short sword
 k - a +2 quarterstaff of chaos
Armour
 b - a +0 scale mail (worn)
 c - a +0 shield (worn)
 e - a +0 ring mail
 l - a +0 cloak
Jewellery
 h - a ring of ice (left hand)
Scrolls
 f - a scroll of random uselessness {unknown}
Potions
 d - a potion of curing


   Skills:
 + Level 4.1 Fighting
 + Level 3.3 Long Blades
 + Level 4.0 Armour
 + Level 0.8 Dodging
 + Level 4.3 Shields


You had 4 spell levels left.
You didn't know any spells.
Your spell library was empty.

Dungeon Overview and Level Annotations

Branches:
Dungeon (3/15)

Altars:
The Shining One


Message History

The shadow imp is heavily wounded.
The shadow imp hits you.
You hit the shadow imp but do no damage.
The shadow imp is heavily wounded.
The shadow imp gestures at you. Pain shoots through your body!
* * * LOW HITPOINT WARNING * * *
The shadow imp gestures at you. Pain shoots through your body!
* * * LOW HITPOINT WARNING * * *
You hit the shadow imp.
The shadow imp is severely wounded.
You block the shadow imp's attack.
Your shield and scale mail prevent you from hitting the shadow imp.
The shadow imp is severely wounded.
You block the shadow imp's attack.
You hit the shadow imp but do no damage.
The shadow imp is severely wounded.
The shadow imp hits you.
You die...

.......####.#.#.#.##
######.####..........
...<...........>#####
######.####...### ..#
#.### ### #.# #>###
#...#### #.#...@#
#.###5## #.# ##g# ..#
r# ### .# .. !# #. .


You could see a shadow imp.

Vanquished Creatures
  Crazy Yiuf (D:2)
  3 adders (D:2)
  2 dart slugs (D:1)
  2 worms (D:2)
  A leopard gecko (D:1)
  8 bats
  2 giant cockroaches
  6 goblins
  6 hobgoblins
  7 jackals (D:1)
  8 kobolds
  A quokka (D:2)
  3 frilled lizards
  8 rats
58 creatures vanquished.

Notes
Turn   | Place    | Note
-------+----------+-------------------------------------------
     0 | D:1      | katjes the Hill Orc Fighter began the quest for the Orb.
     0 | D:1      | Reached XP level 1. HP: 19/19 MP: 1/1
    90 | D:1      | Reached XP level 2. HP: 23/27 MP: 2/2
   276 | D:1      | Reached XP level 3. HP: 19/33 MP: 3/3
  1297 | D:2      | Found a runed translucent door.
  1298 | D:2      | Noticed Crazy Yiuf
  1515 | D:2      | Reached XP level 4. HP: 9/40 MP: 4/4
  2100 | D:2      | Found a glowing golden altar of the Shining One.
  2296 | D:2      | Killed Crazy Yiuf
  2296 | D:2      | Reached XP level 5. HP: 14/46 MP: 5/5
  2488 | D:3      | HP: 2/46 [shadow imp/nerve-wracking pain (8)]
  2491 | D:3      | Slain by a shadow imp

Levels and vault maps discovered:
D:1:      minmay_arrival_nine_rooms, layout_loops_ring, serial_forest,
          infiniplex_forest_corner_1, infiniplex_forest_corner_1,
          infiniplex_forest_end_2, infiniplex_forest_lined_3,
          infiniplex_forest_zigzag_1, infiniplex_forest_end_1
D:2:      layout_loops_cross, tso_altar, minmay_misc_feat_more_columns,
          ebering_dispersal_statue_hall, kennysheep_flooded_box, minmay_tripent,
          uniq_crazy_yiuf_cottage
D:3:      minmay_angry_zag, layout_loops_ring, corexii_leaking_fountain,
          lemuel_blue_sif_altar

Skill      XL: |  1  2  3  4 |
---------------+-------------+-----
Shields        | 4 |  4.3
Fighting       | 4 |  4.1
Long Blades    | 3 |  3.3
Armour         | 4 |  4.0
Dodging        | |  0.8

Action                   |  1- 3 |  4- 6 || total
-------------------------+-------+-------++-------
Melee: Long sword        |   148 |    58 ||   206
  Use: Scroll            |     1 |     2 ||     3
       Potion            |     2 |     3 ||     5
  Eat: Ration            |     3 |     2 ||     5
Armor: Scale mail        |    97 |    16 ||   113
Dodge: Dodged            |    86 |    25 ||   111
Block: Shield            |   113 |    28 ||   141
       Rpst.: Long sword |    29 |    10 ||    39
